 Dungeon Crawl Stone Soup version 0.18-a0-1797-gc18daef (webtiles) character file.

62 dynamoDes the Digger (level 3, 0/19 HPs)
             Began as a Deep Elf Earth Elementalist on Apr 22, 2016.
             Slain by a wight
             ... wielding a +2 scimitar of freezing
              (8 damage)
             ... on level 3 of the Dungeon.
             The game lasted 00:08:32 (1774 turns).

dynamoDes the Digger (Deep Elf Earth Elementalist)  Turns: 1774, Time: 00:08:32

Health: 0/19       AC:  2    Str:  5    XL:     3   Next: 85%
Magic:  4/10       EV: 14    Int: 20    God:
Gold:   132        SH:  0    Dex: 15    Spells: 2 memorised, 5 levels left

rFire  . . .     SeeInvis .     f - +0 short sword
rCold  + . .     Gourm    .     a - +0 robe
rNeg   . . .     Faith    .     (no shield)
rPois  .         Spirit   .     (no helmet)
rElec  .         Dismiss  .     (no cloak)
rCorr  .         Reflect  .     (no gloves)
SustAt .         Harm     .     (no boots)
MR     .....                    (no amulet)
Stlth  ++........               (no ring)
                                e - ring of protection from cold

@: not resistant to hostile enchantments, unstealthy
A: no striking features
a: no special abilities


You were on level 3 of the Dungeon.
You were not hungry.

You visited 1 branch of the dungeon, and saw 3 of its levels.

You collected 132 gold pieces.

Inventory:

Hand Weapons
 f - a +0 short sword (weapon)
 m - a +0 hunting sling
 q - a +0 dagger
Missiles
 b - 97 stones (quivered)
Armour
 a - a +0 robe (worn)
 j - a +0 leather armour
Jewellery
 e - a ring of protection from cold (left hand)
Scrolls
 h - 3 scrolls of remove curse {unknown}
 i - 5 scrolls of identify {unknown}
 k - a scroll of random uselessness {unknown}
 o - a scroll of teleportation {unknown}
Potions
 g - a potion of curing {unknown}
 l - a potion of brilliance {unknown}
 p - a potion of magic {unknown}
Books
 c - a book of Geomancy

   Spells                             Type                      Level
   a - Sandblast                      Earth                        1
   b - Passwall                       Transmutation/Earth          2
   c - Stone Arrow                    Conjuration/Earth            3
   d - Petrify                        Transmutation/Earth          4
   e - Lee's Rapid Deconstruction     Earth                        5
Comestibles
 d - 2 bread rations
 n - a chunk of flesh


   Skills:
 + Level 3.6 Dodging
 + Level 3.2 Stealth
 + Level 3.5 Spellcasting
 + Level 0.0 Conjurations
   Level 1.1 Transmutations
 - Level 4.0 Earth Magic


You had 5 spell levels left.
You knew the following spells:

 Your Spells              Type           Power        Failure   Level  Hunger
a - Sandblast             Erth           ###...       2%          1    None
b - Stone Arrow           Conj/Erth      ##....       21%         3    ###....


Dungeon Overview and Level Annotations

Branches:
Dungeon (3/15)

Altars:
Cheibriados
The Shining One


Message History

Aiming: Sandblast
Press: ? - help, Shift-Dir - straight line, f/p - wight
Aim: a wight, wielding a scimitar of freezing and wearing a robe The blast of sand hits the wight.
The wight barely misses you.
Casting: Sandblast
Confirm with . or Enter, or press ? or * to list all spells.
Aiming: Sandblast
Press: ? - help, Shift-Dir - straight line, f/p - wight
Aim: a wight, wielding a scimitar of freezing and wearing a robe The blast of sand hits the wight.
There is a stone staircase leading up here.
Casting: Sandblast
Confirm with . or Enter, or press ? or * to list all spells.
Aiming: Stone Arrow
Press: ? - help, Shift-Dir - straight line, f/p - wight
Aim: a wight, wielding a scimitar of freezing and wearing a robe The stone arrow hits the wight.
The wight is moderately damaged.
The wight hits you with a scimitar of freezing!
You die...

#......###
#........#
#........#
.######........##
z..z.............
g#.######.....##
#........##
#z###.#.## #@#
#...# #.# ##..#
#.# ..# #.####..#
#)......#
######.##


You could see a wight.

Vanquished Creatures
  2 adders (D:2)
  An ooze (D:1)
  A worm (D:2)
  2 ball pythons
  4 bats
  2 giant cockroaches (D:2)
  4 goblins
  2 hobgoblins (D:1)
  6 jackals (D:1)
  5 kobolds
  2 giant newts
  5 rats
36 creatures vanquished.

Notes
Turn   | Place    | Note
--------------------------------------------------------------
     0 | D:1      | dynamoDes the Deep Elf Earth Elementalist began the quest for the Orb.
     0 | D:1      | Reached XP level 1. HP: 10/10 MP: 6/6
   100 | D:1      | Reached XP level 2. HP: 15/15 MP: 6/8
   515 | D:1      | Reached XP level 3. HP: 19/19 MP: 5/9
   548 | D:1      | Learned a level 3 spell: Stone Arrow
   845 | D:2      | Found a snail-covered altar of Cheibriados.
   914 | D:2      | Found a glowing golden altar of the Shining One.
  1145 | D:2      | Reached skill level 4 in Earth Magic
  1774 | D:3      | Slain by a wight

Vault maps used:
D:1:      minmay_arrival_five_plusses
D:2:      overflow_temple_1_default, tso_metal_star, kennysheep_generic_room_6
D:3:      tgw_xom, first_bread, minmay_misc_feat_more_columns

Skill      XL: |  1  2  3 |
---------------+----------+-----
Dodging        | 3 |  3.6
Stealth        | 3 |  3.2
Earth Magic    | 4 |  4.0
Spellcasting   | |  3.5
Transmutations | |  1.1

Action                   || total
-------------------------++-------
 Cast: Sandblast         ||    69
       Stone Arrow       ||     1
  Eat: Chunk             ||     2
Armor: Robe              ||     5
Dodge: Dodged            ||    22
